 Dungeon Crawl Stone Soup version 0.30-a0-222-ge547ba4400 (webtiles) character file.

Game seed: 948494663033720731

3438128 Flugkiller the Rapturous (level 26, 215/215 HPs)
             Began as a Meteoran Fire Elementalist on Oct 8, 2022.
             Was a Follower of Uskayaw.
             Escaped with the Orb
             ... and 3 runes!
             The game lasted 02:21:19 (20569 turns).

Flugkiller the Rapturous (MeFE)                    Turns: 20569, Time: 02:21:19

Health: 215/215    AC: 23    Str: 10 (11) XL:     26   Next: 24%
Magic:  38/42      EV: 24    Int: 35      God:    Uskayaw [*.....]
Gold:   3080       SH:  0    Dex: 21      Spells: 3/53 levels left

rFire   + + .      SeeInvis .    a - +12 pair of quick blades "Gyre" and "Gimble" {protect}
rCold   . . .      Faith    .    (shield currently unavailable)
rNeg    . . .      Spirit   .    T - +2 leather armour "Rinesk" {Fly rPois Will+ Dex+4}
rPois   +          Reflect  .    P - +2 helmet
rElec   .          Harm     .    I - +2 cloak {rPois}
rCorr   .          Rampage  .    u - +2 pair of gloves
Will    +++++                    r - +2 pair of boots {Stlth+}
Stlth   +.........               D - amulet of the Prince {rC+ Will+ Regen+}
HPRegen 1.35/turn                g - ring of Dayhiad {rF+ AC+4 Int+8}
MPRegen 0.28/turn                p - ring of protection from fire

@: flying, glowing, studying Translocations
A: sense surroundings 3, otherworldly, glowing, explore regen, iridescent scales
1, deterioration 1, frail 1, cold vulnerability 1, inability to drink after
injury 1
0: Orb of Zot
}: 3/15 runes: serpentine, barnacled, slimy
a: Renounce Religion, Stomp


You escaped.
You worshipped Uskayaw.
Uskayaw was greatly pleased with you.
You visited 10 branches of the dungeon, and saw 50 of its levels.
You visited 1 bazaar.
You also visited: Sewer, Bailey and Gauntlet.

You collected 5778 gold pieces.
You spent 2698 gold pieces at shops.

Inventory:

Hand Weapons
 a - the +12 pair of quick blades "Gyre" and "Gimble" (weapon) {protect}
   (You found it in a bailey)

   It grants its wielder temporary protection when it strikes (+7 to AC).
Missiles
 F - 3 throwing nets
 S - 5 curare-tipped darts (quivered)
Armour
 r - a +2 pair of boots of stealth (worn)
   (You bought it in a shop on level 3 of the Snake Pit)
 u - a +2 pair of gloves (worn)
   (You bought it in a shop on level 3 of the Snake Pit)
 I - a +2 cloak of poison resistance (worn)
   (You bought it in a shop on level 1 of the Snake Pit)
 O - the +4 ring mail "Icsuemn" {Int+6}
   (You found it on level 2 of the Vaults)

   Int:       It affects your intelligence (+6).
 P - a +2 helmet (worn)
   (You found it on level 8 of the Dungeon)
 T - the +2 leather armour "Rinesk" (worn) {Fly rPois Will+ Dex+4}
   (You found it in a bailey)

   Dex:       It affects your dexterity (+4).
   rPois:     It protects you from poison.
   Fly:       It grants you flight.
   Will:      It increases your willpower.
Magical Staves
 b - a staff of fire
   (You found it on level 9 of the Dungeon)
Jewellery
 c - a ring of protection from cold
   (You found it on level 4 of the Lair of Beasts)
 e - the ring of Keykuw {rPois Will+ Int+3}
   (You found it on level 5 of the Pits of Slime)

   [ring of poison resistance]

   Int:       It affects your intelligence (+3).
   rPois:     It protects you from poison.
   Will:      It increases your willpower.
 g - the ring of Dayhiad (left hand) {rF+ AC+4 Int+8}
   (You acquired it on level 9 of the Dungeon)

   [ring of protection]

   AC:        It affects your AC (+4).
   Int:       It affects your intelligence (+8).
   rF:        It protects you from fire.
 o - a ring of wizardry
   (You found it on level 1 of the Lair of Beasts)
 p - a ring of protection from fire (right hand)
   (You found it in a Gauntlet)
 v - a +4 ring of evasion
   (You found it on level 8 of the Dungeon)
 x - a +4 ring of protection
   (You found it on level 3 of the Depths)
 D - the amulet of the Prince (around neck) {rC+ Will+ Regen+}
   (You acquired it on level 1 of the Snake Pit)

   [amulet of regeneration]

   rC:        It protects you from cold.
   Regen:     It increases your rate of health regeneration.
   Will:      It increases your willpower.
 G - a ring of fire
   (You found it on level 14 of the Dungeon)
 K - a +6 ring of intelligence
   (You found it on level 4 of the Lair of Beasts)
 L - an amulet of faith
   (You found it on level 2 of the Dungeon)
Wands
 l - a wand of charming (16)
   (You found it in a Gauntlet)
 s - a wand of roots (32)
   (You found it on level 5 of the Dungeon)
 H - a wand of quicksilver (13)
   (You found it on level 7 of the Dungeon)
 U - a wand of mindburst (26)
   (You found it in a bailey)
 Y - a wand of digging (10)
   (You found it on level 10 of the Dungeon)
Scrolls
 f - 2 scrolls of silence
 j - 6 scrolls of immolation
 m - 7 scrolls of amnesia
 t - 17 scrolls of teleportation
 z - 3 scrolls of blinking
 B - 4 scrolls of enchant armour
 M - 6 scrolls of fog
 Q - 7 scrolls of poison
 R - 7 scrolls of vulnerability
 V - 6 scrolls of fear
Potions
 d - 6 potions of might
 h - 3 potions of haste
 i - 5 potions of ambrosia
 n - 5 potions of resistance
 q - 24 potions of curing
 w - 11 potions of heal wounds
 A - 4 potions of brilliance
 C - 4 potions of berserk rage
 E - 2 potions of attraction
 Z - 3 potions of cancellation
Miscellaneous
 k - a phantom mirror
   (You found it on level 14 of the Dungeon)
 y - a box of beasts
   (You found it in a Gauntlet)
 J - a condenser vane
   (You found it on level 5 of the Realm of Zot)
 N - a phial of floods
   (You found it on level 5 of the Pits of Slime)


   Skills:
 - Level 20.0 Fighting
 - Level 8.0 Short Blades
 - Level 17.0 Dodging
 - Level 1.4 Stealth
 - Level 4.0 Shields
 - Level 14.0 Spellcasting
 - Level 20.0 Conjurations
 - Level 7.0 Necromancy
 - Level 4.0 Translocations
 - Level 10.0 Transmutations
 - Level 20.0 Fire Magic
 - Level 3.0 Ice Magic
 - Level 14.1 Earth Magic
 + Level 21.6 Invocations
 - Level 6.0 Evocations


You had 3 spell levels left.
You knew the following spells:

 Your Spells              Type           Power      Damage    Failure   Level
a - Statue Form           Tmut/Erth      55%        N/A       2%          6
b - Scorch                Fire           100%       2d10      0%          2
c - Fireball              Conj/Fire      52%        3d20      0%          5
d - Lee's Rapid Deconstr  Erth           44%        3d22*     1%          5
e - Iskenderun's Mystic   Conj/Tloc      83%        2d16      1%          4
f - Starburst             Conj/Fire      52%        6d14      1%          6
g - Borgnjor's Vile Clut  Necr/Erth      39%        N/A       1%          5
h - Iron Shot             Conj/Erth      48%        9d9       1%          6
i - Ignition              Fire           52%        3d15      4%          8
q - Apportation           Tloc           100%       N/A       1%          1
r - Blink                 Tloc           100%       N/A       1%          2

Your spell library contained the following spells:

 Spells                   Type           Power      Damage    Failure   Level
 Foxfire                  Conj/Fire      100%       2x1d9     0%          1
 Magic Dart               Conj           100%       1d8       0%          1
 Beastly Appendage        Tmut           100%       N/A       1%          1
 Freeze                   Ice            100%       1d11      1%          1
 Necrotise                Necr           100%       1d9       1%          1
 Cigotuvi's Dreadful Rot  Necr/Pois/Air  80%        N/A       1%          2
 Momentum Strike          Conj/Tloc      100%       3d10      1%          2
 Sublimation of Blood     Necr           65%        N/A       1%          2
 Wereblood                Tmut           76%        N/A       1%          2
 Dazzling Flash           Conj/Hex       100%       N/A       1%          3
 Frozen Ramparts          Ice            90%        1d14      1%          3
 Hailstorm                Conj/Ice       81%        3d16      1%          3
 Inner Flame              Hex/Fire       76%        N/A       1%          3
 Kindle Blastsparks       Fire/Tloc/Air  100%       2d18      1%          3
 Lesser Beckoning         Tloc           100%       N/A       1%          3
 Mephitic Cloud           Conj/Pois/Air  63%        N/A       1%          3
 Spider Form              Tmut/Pois      56%        N/A       1%          3
 Vampiric Draining        Necr           65%        2d10      1%          3
 Summon Small Mammal      Summ           96%        N/A       2%          1
 Call Imp                 Summ           24%        N/A       3%          2
 Poisonous Vapours        Pois/Air       48%        N/A       3%          2
 Portal Projectile        Hex/Tloc       76%        N/A       3%          3
 Vhi's Electric Charge    Tloc/Air       76%        N/A       3%          3
 Call Canine Familiar     Summ           24%        N/A       7%          3
 Flame Wave               Conj/Fire      100%       2d21      0%          4
 Animate Armour           Summ/Erth      100%       N/A       1%          4
 Animate Dead             Necr           65%        N/A       1%          4
 Fulminant Prism          Conj/Hex       38%        3d18      1%          4
 Ice Form                 Ice/Tmut       63%        N/A       1%          4
 Leda's Liquefaction      Hex/Erth       32%        N/A       1%          4
 Arcjolt                  Conj/Air       38%        1d48      1%          5
 Blade Hands              Tmut           38%        N/A       1%          5
 Lightning Bolt           Conj/Air       38%        1d56      1%          5
 Agony                    Necr           65%        N/A       3%          5
 Manifold Assault         Tloc           51%        N/A       4%          4
 Conjure Ball Lightning   Conj/Air       38%        3x3d12    5%          6
 Alistair's Intoxication  Tmut/Pois      37%        N/A       8%          5
 Summon Ice Beast         Ice/Summ       35%        N/A       12%         4
 Death Channel            Necr           32%        N/A       19%         6
 Airstrike                Air            12%        2d(2-18)  22%         4
 Cause Fear               Hex            12%        N/A       22%         4
 Olgreb's Toxic Radiance  Pois           24%        N/A       22%         4
 Summon Lightning Spire   Summ/Air       24%        N/A       22%         4
 Summon Forest            Summ/Tloc      19%        N/A       26%         5
 Dragon Form              Tmut           38%        N/A       30%         7
 Eringya's Noxious Bog    Tmut/Pois      28%        N/A       41%         6
 Simulacrum               Ice/Necr       28%        N/A       41%         6
 Summon Mana Viper        Hex/Summ       24%        N/A       52%         5
 Dispersal                Tloc           25%        N/A       54%         6
 Storm Form               Tmut/Air       28%        N/A       94%         7
 Ozocubu's Refrigeration  Ice            22%        4d12      99%         7
 Monstrous Menagerie      Summ           12%        N/A       100%        7
 Summon Hydra             Summ           12%        N/A       100%        7
 Discord                  Hex            12%        N/A       100%        8
 Disjunction              Tloc           25%        N/A       100%        8
 Maxwell's Capacitive Co  Air            12%        ∞         100%        8
 Dragon's Call            Summ           12%        N/A       100%        9


Dungeon Overview and Level Annotations

Branches:
Dungeon (15/15)            Temple (0/1) D:7            Lair (5/5) D:10
 Shoals (4/4) Lair:3        Snake (4/4) Lair:2        Slime (5/5) Lair:5
    Orc (2/2) D:11            Elf (1/3) Orc:2        Vaults (4/5) D:13
 Depths (4/4) D:15            Zot (5/5) Depths:4      Sewer (visited)
 Bailey (visited)         Gauntlet (visited)
  Crypt: Vaults:2-3

Altars:
Gozag
Hepliaklqana
Trog
Uskayaw
Vehumet
Wu Jian
Jiyva

Shops:
D:4 [   D:12 ?   Orc:2 =(**   Shoals:4 :   Snake:1 *   Snake:3 [?!   Snake:4 [
Vaults:3 *

Portals:
Hell: Depths:4
Abyss: Depths:3
Pandemonium: Orc:2
Ziggurat: Depths:3

Annotations:
D:10 lair
Orc:1 3 runed translucent doors, Leosebu's ghost, adept DjCj
Elf:1 Asterion
Vaults:4 2 runed translucent doors, exclusion: obsidian statue, Lim Moa's ghost, adept DEVM
Vaults:5 Margery
Zot:3 exclusion: upstairs


Innate Abilities, Weirdness & Mutations

You passively map a large area around you.
You are easily found by Zot.
You glow in the dark.
You regain HP and MP as you explore.
You are partially covered in iridescent scales. (AC +2)
Your body sometimes deteriorates upon taking damage.
You are frail. (-10% HP)
You are vulnerable to cold. (rC-)
You occasionally lose the ability to drink potions when taking damage.


Message History

Aim: a Brimstone Fiend (100% to hit)
Zombie hands grab the Brimstone Fiend.
The zombie hands constrict the Brimstone Fiend.
The Brimstone Fiend struggles to escape constriction.
Casting: Borgnjor's Vile Clutch (mildly dangerous; 1% risk of failure)
Confirm with . or Enter, or press ? or * to list all spells.
Aiming: Iron Shot (mildly dangerous; 1% risk of failure)
Press: ? - help, Shift-Dir - straight line, f/p - Brimstone Fiend
Aim: a Brimstone Fiend (lightly wounded, constricted by zombie hands, 100% to hit)
The iron shot hits the Brimstone Fiend!!!
The Brimstone Fiend is heavily wounded.
The zombie hands constrict the Brimstone Fiend!
The Brimstone Fiend gestures at you.
The sphere of damnation explodes!
The damnation engulfs you!
Casting: Iron Shot (mildly dangerous; 1% risk of failure)
Confirm with . or Enter, or press ? or * to list all spells.
Aiming: Iron Shot (mildly dangerous; 1% risk of failure)
Press: ? - help, Shift-Dir - straight line, f/p - Brimstone Fiend
Aim: a Brimstone Fiend (severely wounded, constricted by zombie hands, 100% to hit)
The iron shot hits the Brimstone Fiend!!!
You kill the Brimstone Fiend!
You can now pass through a line of other dancers.
(D) Dungeon (T) Temple (L) Lair (A) Shoals (P) Snake Pit (M) Slime Pits (O) Orcish Mines (E) Elven Halls (V) Vaults (U) Depths (H) Hell (Z) Zot
Where to? (Enter - D:1 @ (x,y), ? - help) HP restored.
There is a stone staircase leading up here.
You fly upwards.
There is a stone staircase leading down here.
There is a stone staircase leading up here.
You fly upwards.
There is a stone staircase leading down here.
A hellion comes into view.
Casting: Iron Shot (mildly dangerous; 1% risk of failure)
Confirm with . or Enter, or press ? or * to list all spells.
Aiming: Borgnjor's Vile Clutch (mildly dangerous; 1% risk of failure)
Press: ? - help, Shift-Dir - straight line, f - hellion
Aim: a hellion (100% to hit)
Zombie hands grab the hellion.
The zombie hands constrict the hellion!
The zombie hands constrict the hellion, but do no damage.
The hellion struggles to escape constriction.
The zombie hands constrict the hellion!
The hellion completely misses you.
You puncture the hellion!
Your weapon exudes an aura of protection.
You puncture the hellion!
You kill the hellion!
(D) Dungeon (T) Temple (L) Lair (A) Shoals (P) Snake Pit (M) Slime Pits (O) Orcish Mines (E) Elven Halls (V) Vaults (U) Depths (H) Hell (Z) Zot
Where to? (Enter - D:1 @ (x,y), ? - help)
The ball python hisses angrily.
A Tisuned and an ice devil come into view.
Press: ? - help, v - describe, . - travel
Here: Tisuned, armed with a painful touch The floor.
You feel yourself speed up.
You reach down and open the door.
There is an open door here.
You see here a +0 giant club.
An Orb Guardian comes into view.
There is a stone staircase leading up here.
You fly upwards.
There is a stone staircase leading down here.
There is a stone staircase leading up here.
You fly upwards.
There is a stone staircase leading down here.
(D) Dungeon (T) Temple (L) Lair (A) Shoals (P) Snake Pit (M) Slime Pits (O) Orcish Mines (E) Elven Halls (V) Vaults (U) Depths (H) Hell (Z) Zot
Where to? (Enter - D:1 @ (x,y), ? - help)
Your extra speed is starting to run out.
You feel yourself slow down.
You see here a +0 dagger.
There is a stone staircase leading up here.
You fly upwards.
There is a stone staircase leading down here.
A shadow demon comes into view.
Casting: Borgnjor's Vile Clutch (mildly dangerous; 1% risk of failure)
Confirm with . or Enter, or press ? or * to list all spells.
Aiming: Borgnjor's Vile Clutch (mildly dangerous; 1% risk of failure)
Press: ? - help, Shift-Dir - straight line, f - shadow demon
Aim: a shadow demon (100% to hit)
Zombie hands grab the shadow demon.
The zombie hands constrict the shadow demon.
The shadow demon struggles to escape constriction.
Aiming: Dig
Press: ? - help, Shift-Dir - straight line, p - shadow demon A rock wall.
This square is covered in magical glow.
The rock shatters into small pieces.
The zombie hands constrict the shadow demon!
The shadow demon struggles to escape constriction.
The zombie hands constrict the shadow demon!!
The shadow demon struggles to escape constriction.
The zombie hands lose their grip on something.
There is a staircase leading out of the dungeon here.
Enter note: gg You have escaped!

###............######.......
#...................'.......
######........#######...##.......
....##........#######..###...#.##
....##................## #...#..#
....##.......########.# #...#...
.........###........#.# #...#...
....####.###.#.####.#.# #####..>
....# #.....#..@.#.#.# #... ....#
#.#####.#....#.# #... ##### #.#
#.##.###.# ####
########.#####........##
#.....#.....#2.######..#
#.....#.....#..######..#
#.....#.....#..........#
#.....#.....######...###
#.....#.....# ##..#


There were no monsters in sight!

Vanquished Creatures
  the Royal Jelly (Slime:5)
  4 dread liches (Zot:5)
  2 orbs of fire (Zot:5)
  An ancient lich (Zot:5)
  Frederick (Vaults:3)
  Vashnia (Snake:4)
  A curse toe (Zot:1)
  4 golden dragons
  An electric golem (Zot:5)
  2 Brimstone Fiends
  5 tentacled monstrosities
  2 walking crystal tomes (Depths:3)
  An iron giant (Depths:3)
  14 Orb Guardians
  3 quicksilver dragons
  14 acid blobs
  3 death cobs (Zot:5)
  A tengu reaver (Vaults:4)
  Kirke (Snake:4)
  A sphinx (Vaults:2)
  9 storm dragons
  7 azure jellies
  4 shadow dragons
  7 rockslimes
  Ilsuiw (Shoals:3)
  A draconian knight (Zot:1)
  5 draconian monks
  2 nagarajas (Snake:4)
  2 balrugs
  2 fire giants
  10 vault wardens
  3 frost giants
  3 draconian shifters (Zot:1)
  A cacodemon (D:11)
  A ghost moth (Zot:5)
  15 ironbound preservers
  2 draconian scorchers
  An orc warlord (Vaults:1)
  12 quicksilver oozes
  20 very ugly things
  4 draconian annihilators
  2 draconian stormcallers
  5 stone giants
  4 ironbound thunderhulks
  A demonspawn blood saint (Zot:1)
  4 war gargoyles
  A vampire knight (Depths:1)
  9 green draconians
  8 yellow draconians
  A minotaur (Gauntlet)
  6 red draconians
  A demonspawn black sun (Zot:1)
  8 black draconians
  Nessos (D:13)
  4 purple draconians
  Azrael (Snake:3)
  2 spark wasps (Depths:2)
  3 white draconians
  A crystal guardian (Vaults:3)
  A blizzard demon (Depths:3)
  5 ettins
  4 merfolk javelineers (Shoals:4)
  3 fire dragons
  7 yaktaur captains
  7 merfolk impalers
  6 great orbs of eyes
  A deep elf high priest (Vaults:3)
  3 salamander tyrants (Snake:4)
  A rakshasa (Depths:1)
  2 ice dragons
  Josephine (D:15)
  30 vault guards
  4 peacekeepers
  6 anacondas
  A catoblepas (D:9)
  2 hydras (Lair:5)
  2 merfolk avatars
  2 spriggan air magi (Depths:4)
  10 ironbound frosthearts
  6 boulder beetles
  An alligator snapping turtle (Shoals:4)
  12 centaur warriors
  2 demonspawn (Orc:2)
  A deep troll shaman (Depths:3)
  A satyr (Shoals:2)
  4 merfolk aquamancers
  5 deep troll earth magi
  4 two-headed ogres
  7 naga warriors
  7 death yaks
  A death scarab (Gauntlet)
  3 tengu warriors
  2 spriggan berserkers (Depths:4)
  13 naga sharpshooters
  7 orc high priests (Orc:2)
  6 shock serpents
  2 soul eaters
  A sun demon (D:15)
  5 iron trolls
  2 skeletal warriors (D:15)
  A spectral death yak (Gauntlet)
  4 salamander mystics (Snake:4)
  57 deep trolls
  17 sea snakes
  A sea snake (shapeshifter) (D:13)
  A glowing orange brain (Depths:4)
  A shadow demon (D:15)
  11 ironbound convokers
  7 lindwurms
  7 naga ritualists
  A swamp dragon (shapeshifter) (Vaults:2)
  A necromancer (D:15)
  A phantasmal warrior (D:15)
  24 harpies
  5 wizards
  7 orc knights
  A fire giant zombie (D:15)
  A deep elf zephyrmancer (Elf:1)
  11 mana vipers
  2 wolf spiders
  7 orc sorcerers (Orc:2)
  37 ugly things
  A deep elf pyromancer (Elf:1)
  8 cyclopes
  A moth of wrath (shapeshifter) (D:13)
  An oklob plant (Lair:1)
  10 fauns
  A stone giant zombie (D:15)
  3 shining eyes
  8 salamanders
  14 manticores
  An elephant (shapeshifter) (D:15)
  11 moths of wrath
  41 black mambas
  6 naga magi
  10 vault sentinels
  3 water nymphs
  A smoke demon (Orc:2)
  11 merfolk sirens
  A rust devil (Orc:2)
  Joseph (D:8)
  An orange demon (D:11)
  2 eyes of devastation
  9 guardian serpents
  A gargoyle (D:12)
  20 cane toads
  An eye of devastation (shapeshifter) (Depths:4)
  2 torpor snails
  A hellion (D:4)
  31 yaktaurs
  2 unseen horrors (Depths:3)
  2 kobold demonologists (D:13)
  3 tengu conjurers
  7 komodo dragons
  A tormentor (D:12)
  4 rime drakes
  A spriggan skeleton (D:15)
  4 hornets
  A polar bear (Lair:4)
  4 trolls
  A wolf spider simulacrum (D:13)
  30 merfolk
  5 wind drakes
  9 blink frogs
  7 dream sheep
  77 slime creatures
  7 snapping turtles
  A spriggan zombie (D:15)
  8 wraiths
  6 shadows
  4 basilisks
  A vampire (D:13)
  4 fire elementals (Snake:3)
  16 humans (D:13)
  10 water elementals
  50 yaks
  A fire bat (shapeshifter) (D:15)
  3 redbacks (Lair:5)
  18 wyverns
  6 hogs (Snake:4)
  6 golden eyes
  7 chaos spawn
  A steam dragon (D:10)
  3 large abominations (Depths:3)
  4 wargs
  7 vampire mosquitoes
  32 nagas
  2 two-headed ogre zombies (D:11)
  An acid dragon (D:11)
  21 water moccasins
  A floating eye (shapeshifter) (Depths:4)
  37 orc warriors
  A sky beast (D:7)
  Pargi (Sewer)
  4 black bears
  An ice beast (D:6)
  11 boggarts
  9 ogres
  4 wolves (Lair:2)
  8 centaurs
  2 phantoms
  10 kobold brigands
  13 bullfrogs
  A necrophage (D:7)
  3 scorpions
  4 small abominations (Depths:3)
  2 troll zombies (D:11)
  4 killer bees
  5 electric eels
  9 howler monkeys
  3 lava snakes (Lair:1)
  2 hounds (D:5)
  A jelly (D:7)
  36 orc priests
  Jessica (D:3)
  An iguana (D:5)
  30 orc wizards
  4 ogre zombies (D:11)
  3 gnolls (D:9)
  13 adders
  A river rat (D:5)
  2 white imps
  2 ufetubi (D:4)
  2 worms
  2 dart slugs
  116 orcs
  8 ball pythons
  5 endoplasms
  6 giant cockroaches
  8 goblins
  10 hobgoblins
  28 kobolds
  2 quokkas
  8 bats
  9 frilled lizards
  3 goblin skeletons (D:11)
  2 goblin zombies (D:11)
  A hobgoblin skeleton (D:11)
  4 hobgoblin zombies (D:11)
  4 orc skeletons (D:11)
  11 orc zombies (D:11)
  7 rats
1675 creatures vanquished.

Vanquished Creatures (collateral kills)
  A rockslime (Slime:3)
  An ironbound preserver (Vaults:2)
  A vault guard (Vaults:2)
3 creatures vanquished.

Vanquished Creatures (others)
  A centaur warrior (D:14)
  A human (Snake:4)
  315 foxfires
  21 fungi
  102 plants
  2 withered plants (D:15)
442 creatures vanquished.

Grand Total: 2120 creatures vanquished

Notes
Turn   | Place    | Note
-------+----------+-------------------------------------------
     0 | D:1      | Flugkiller the Meteoran Fire Elementalist began the quest
                  | for the Orb.
     0 | D:1      | Reached XP level 1. HP: 14/14 MP: 5/5
   145 | D:1      | Reached XP level 2. HP: 22/22 MP: 2/6
   176 | D:1      | Reached skill level 1 in Fighting
   309 | D:1      | Reached XP level 3. HP: 28/28 MP: 3/8
   470 | D:2      | Reached XP level 4. HP: 35/35 MP: 1/10
   570 | D:2      | Reached XP level 5. HP: 28/41 MP: 3/11
   588 | D:2      | Found a hide-covered altar of Uskayaw.
   596 | D:2      | Became a worshipper of Uskayaw the Reveller
   667 | D:3      | Reached * piety under Uskayaw
   677 | D:3      | Learned a level 2 spell: Scorch
   742 | D:3      | Noticed Jessica
   745 | D:3      | Killed Jessica
  1141 | D:4      | Noticed an ogre
  1144 | D:4      | Reached ** piety under Uskayaw
  1147 | D:4      | Killed an ogre
  1147 | D:4      | Reached *** piety under Uskayaw
  1148 | D:4      | Reached skill level 5 in Spellcasting
  1148 | D:4      | Reached skill level 5 in Fire Magic
  1148 | D:4      | Reached XP level 6. HP: 42/48 MP: 7/14
  1242 | D:4      | Identified the +6 flail of Ravage {protect, rC- Will++}
  1259 | D:4      | Reached XP level 7. HP: 55/55 MP: 16/16
  1571 | D:4      | Found Garshasp's Dragon-Slaying Spoils.
  1712 | D:5      | Entered Level 5 of the Dungeon
  1723 | D:5      | Reached skill level 1 in Ice Magic
  1736 | D:5      | Learned a level 4 spell: Flame Wave
  1740 | D:5      | Learned a level 3 spell: Frozen Ramparts
  1769 | D:5      | Reached **** piety under Uskayaw
  1937 | D:5      | Reached XP level 8. HP: 13/61 MP: 4/18
  2015 | D:5      | Reached skill level 5 in Conjurations
  2210 | D:5      | Reached ***** piety under Uskayaw
  2246 | D:5      | Found a glowing drain.
  2254 | Sewer    | Entered a sewer
  2268 | Sewer    | Learned a level 1 spell: Apportation
  2275 | Sewer    | Noticed Pargi
  2281 | Sewer    | Killed Pargi
  2282 | Sewer    | Reached skill level 1 in Shields
  2282 | Sewer    | Reached skill level 1 in Translocations
  2282 | Sewer    | Gained mutation: You passively map the area around you.
                  | [Meteoran growth]
  2282 | Sewer    | Reached XP level 9. HP: 68/68 MP: 8/20
  2693 | D:6      | Reached skill level 1 in Invocations
  2694 | D:6      | Reached skill level 2 in Invocations
  2813 | D:6      | Reached skill level 3 in Invocations
  2821 | D:6      | Reached skill level 4 in Invocations
  2911 | D:7      | Reached skill level 5 in Invocations
  2952 | D:7      | Reached skill level 1 in Evocations
  2965 | D:7      | Found a hazy altar of Hepliaklqana.
  2999 | D:7      | Reached XP level 10. HP: 68/78 MP: 15/21
  3000 | D:7      | Reached skill level 6 in Invocations
  3058 | D:7      | Learned a level 4 spell: Iskenderun's Mystic Blast
  3065 | D:7      | Learned a level 6 spell: Starburst
  3080 | D:7      | Found a staircase to the Ecumenical Temple.
  3189 | D:8      | Identified the +7 dagger "Meteoran's Bane" {drain, rElec
                  | rPois Str+2 Dex-4}
  3246 | D:8      | Identified the +2 scale mail of the Barnacle {Drain rC+++
                  | Dex+7}
  3366 | D:8      | Noticed Joseph
  3455 | D:8      | Paralysed by a hornet for 1 turns
  3458 | D:8      | Reached skill level 7 in Invocations
  3538 | D:8      | Killed Joseph
  3639 | D:9      | Noticed a catoblepas
  3649 | D:9      | HP: 2/78 [catoblepas (14)]
  3650 | D:9      | Killed a catoblepas
  3651 | D:9      | Reached skill level 5 in Evocations
  3702 | D:9      | Reached XP level 11. HP: 64/84 MP: 9/24
  3717 | D:9      | Identified 2 scrolls of acquirement
  3717 | D:9      | Acquired 826 gold pieces
  3719 | D:9      | Acquired the ring of Dayhiad {rF+ AC+4 Int+8}
  3785 | D:9      | Found an ornate altar of the Wu Jian Council.
  3835 | D:9      | Noticed a two-headed ogre
  3841 | D:9      | Killed a two-headed ogre
  3957 | D:9      | Found a flagged portal.
  3969 | Bailey   | Entered a bailey
  3996 | Bailey   | Found the +12 pair of quick blades "Gyre" and "Gimble"
                  | {protect}
  4018 | Bailey   | Noticed an orc knight
  4045 | Bailey   | Killed an orc knight
  4046 | Bailey   | Reached skill level 10 in Spellcasting
  4075 | Bailey   | Found an iron altar of Okawaru.
  4078 | Bailey   | Identified the +2 leather armour "Rinesk" {Fly rPois Will+
                  | Dex+4}
  4264 | D:10     | Entered Level 10 of the Dungeon
  4291 | D:10     | Noticed a cyclops
  4298 | D:10     | Killed a cyclops
  4402 | D:10     | Identified the ring of Balance {rF+ Str+5 Dex-3}
  4505 | D:10     | Found a radiant altar of Vehumet.
  4507 | D:10     | Found an opulent altar of Gozag.
  4510 | D:10     | Found a bloodstained altar of Trog.
  4645 | D:11     | Noticed a cyclops
  4649 | D:11     | Killed a cyclops
  4650 | D:11     | Reached XP level 12. HP: 92/92 MP: 21/27
  4651 | D:11     | Reached skill level 10 in Conjurations
  4767 | D:11     | Noticed a boulder beetle
  4780 | D:11     | Killed a boulder beetle
  4781 | D:11     | Reached skill level 5 in Fighting
  4781 | D:11     | Reached skill level 5 in Dodging
  4781 | D:11     | Reached skill level 10 in Fire Magic
  4970 | D:11     | Reached ****** piety under Uskayaw
  4977 | D:11     | Found a staircase to the Orcish Mines.
  5005 | D:11     | You are sucked into a shaft and drop 2 floors!
  5028 | D:13     | Noticed a harpy
  5028 | D:13     | a harpy changed into a sea snake
  5028 | D:13     | Noticed a sea snake (shapeshifter)
  5031 | D:13     | Noticed a centaur warrior
  5031 | D:13     | Noticed Nessos
  5037 | D:13     | Killed a sea snake
  5037 | D:13     | Killed a centaur warrior
  5038 | D:13     | Noticed a two-headed ogre
  5040 | D:13     | Killed Nessos
  5071 | D:13     | Reached skill level 1 in Short Blades
  5085 | D:13     | Killed a two-headed ogre
  5086 | D:13     | Reached XP level 13. HP: 97/105 MP: 1/28
  5105 | D:13     | Found a gate to the Vaults.
  5139 | D:12     | Noticed a two-headed ogre
  5224 | D:12     | Killed a two-headed ogre
  5225 | D:12     | Reached skill level 5 in Short Blades
  5231 | D:12     | Found a gate leading to a gauntlet.
  5242 | Gauntlet | Entered a Gauntlet
  5242 | Gauntlet | Found a transporter.
  5242 | Gauntlet | Found a runed translucent gate.
  5242 | Gauntlet | Found a transporter.
  5242 | Gauntlet | Found a runed translucent gate.
  5243 | Gauntlet | Found a runed translucent gate.
  5243 | Gauntlet | Noticed a death scarab
  5244 | Gauntlet | Found a transporter.
  5244 | Gauntlet | Found a transporter.
  5247 | Gauntlet | Found a transporter.
  5279 | Gauntlet | Found a transporter.
  5282 | Gauntlet | Found a transporter.
  5282 | Gauntlet | Found a transporter.
  5285 | Gauntlet | Noticed a great orb of eyes
  5294 | Gauntlet | Found a transporter.
  5309 | Gauntlet | Noticed a dire elephant
  5312 | Gauntlet | Found a transporter.
  5319 | Gauntlet | Found a transporter.
  5319 | Gauntlet | Noticed an entropy weaver
  5337 | Gauntlet | Found a transporter.
  5357 | Gauntlet | Found a transporter.
  5372 | Gauntlet | Found a transporter.
  5400 | Gauntlet | Identified the amulet of the Enfolding Gods {RegenMP rPois
                  | Will- Str+3}
  5402 | Gauntlet | Killed a death scarab
  5448 | Gauntlet | Killed a great orb of eyes
  5568 | Gauntlet | Identified the +6 chain mail "Zoscheich" {rPois rN+}
  5568 | Gauntlet | Noticed a minotaur
  5576 | Gauntlet | Killed a minotaur
  5718 | D:10     | Found a staircase to the Lair.
  5741 | Lair:1   | Entered Level 1 of the Lair of Beasts
  5832 | Lair:1   | Reached skill level 8 in Invocations
  5967 | Lair:1   | Reached XP level 14. HP: 108/115 MP: 11/29
  5977 | Lair:1   | You are sucked into a shaft and drop 1 floor!
  6025 | Lair:2   | Reached skill level 9 in Invocations
  6153 | Lair:2   | Reached skill level 10 in Dodging
  6164 | Lair:2   | Found a staircase to the Snake Pit.
  6171 | Lair:2   | Reached skill level 10 in Invocations
  6662 | Lair:3   | Learned a level 8 spell: Ignition
  6707 | Lair:3   | Found a staircase to the Shoals.
  7004 | Lair:4   | Reached XP level 15. HP: 121/121 MP: 30/30
  7156 | Lair:5   | Entered Level 5 of the Lair of Beasts
  7336 | Lair:5   | Reached skill level 15 in Fire Magic
  7341 | Lair:5   | Identified the +8 mace of Rokefeekk {flame, rPois rF+++ rC+
                  | Int-2}
  7640 | Lair:5   | Found a viscous altar of Jiyva.
  7668 | Lair:5   | Found a staircase to the Slime Pits.
  7951 | Orc:1    | Entered Level 1 of the Orcish Mines
  7970 | Orc:1    | Found a runed translucent gate.
  7970 | Orc:1    | Found a runed translucent gate.
  7970 | Orc:1    | Found a runed translucent gate.
  7971 | Orc:1    | Noticed Leosebu's ghost (adept DjCj)
  8063 | Orc:2    | Entered Level 2 of the Orcish Mines
  8183 | Orc:2    | Found Xeoqyf's General Store.
  8185 | Orc:2    | Found Fenicre's General Store.
  8257 | Orc:2    | Reached XP level 16. HP: 121/128 MP: 17/31
  8391 | Orc:2    | Found Urghotiasch's Antique Weapon Boutique.
  8391 | Orc:2    | Found a one-way gate leading to the halls of Pandemonium.
  8391 | Orc:2    | Found Xisuhen's Jewellery Shop.
  8496 | Orc:2    | Found a staircase to the Elven Halls.
  8505 | Elf:1    | Entered Level 1 of the Elven Halls
  8524 | Elf:1    | Found a radiant altar of Vehumet.
  8527 | Elf:1    | Noticed Asterion
  8825 | Shoals:1 | Entered Level 1 of the Shoals
  8913 | Shoals:1 | Learned a level 5 spell: Borgnjor's Vile Clutch
  8945 | Shoals:1 | Reached skill level 1 in Earth Magic
  8973 | Shoals:1 | Reached skill level 1 in Necromancy
  9108 | Shoals:3 | Noticed Ilsuiw
  9113 | Shoals:3 | Reached XP level 17. HP: 108/136 MP: 13/32
  9119 | Shoals:3 | Killed Ilsuiw
  9215 | Shoals:4 | Entered Level 4 of the Shoals
  9218 | Shoals:4 | Reached skill level 5 in Earth Magic
  9233 | Shoals:4 | Identified the +7 shortbow "Huuceij" {venom, rN+}
  9354 | Shoals:4 | Reached skill level 11 in Invocations
  9361 | Shoals:4 | Identified the +1 sling of Doom {flame, Str+4 Int+4 Dex+3}
  9604 | Shoals:4 | Found Ewemuuw's Book Shop.
  9612 | Shoals:4 | Bought a book of the Earth for 756 gold pieces
  9685 | Shoals:4 | Got a barnacled rune of Zot
  9722 | Shoals:4 | Gained mutation: You passively map a large area around you.
                  | [Meteoran growth]
  9722 | Shoals:4 | Reached XP level 18. HP: 145/147 MP: 20/34
  9759 | Shoals:4 | Reached skill level 5 in Necromancy
  9798 | Shoals:3 | Reached skill level 12 in Invocations
 10038 | Snake:1  | Entered Level 1 of the Snake Pit
 10046 | Snake:1  | Reached skill level 10 in Fighting
 10091 | Snake:1  | Found Ytawaeps's Neck Hole.
 10128 | Snake:1  | Bought a +2 cloak of poison resistance for 333 gold pieces
 10315 | Snake:1  | Reached skill level 10 in Earth Magic
 10364 | Snake:1  | Acquired 452 gold pieces
 10366 | Snake:1  | Acquired the amulet of the Prince {rC+ Will+ Regen+}
 10462 | Snake:2  | Reached skill level 13 in Invocations
 10510 | Snake:3  | Learned a level 6 spell: Statue Form
 10513 | Snake:3  | Learned a level 2 spell: Blink
 10569 | Snake:4  | Entered Level 4 of the Snake Pit
 10578 | Snake:4  | Reached skill level 1 in Transmutations
 10622 | Snake:4  | Noticed Kirke
 10625 | Snake:4  | Killed Kirke
 10768 | Snake:3  | Noticed Azrael
 10772 | Snake:3  | Killed Azrael
 10777 | Snake:3  | Reached XP level 19. HP: 114/154 MP: 37/37
 10923 | Snake:4  | Found Usuafo's Antique Armour Shoppe.
 11134 | Snake:4  | Reached skill level 5 in Transmutations
 11608 | Snake:4  | Noticed Vashnia
 11620 | Snake:4  | Killed Vashnia
 11693 | Snake:4  | Got a serpentine rune of Zot
 11804 | Snake:3  | Reached skill level 10 in Transmutations
 11839 | Snake:3  | Found Kusk's Magic Scroll Boutique.
 11839 | Snake:3  | Found Ituy's Armour Shoppe.
 11848 | Snake:3  | Bought a +2 pair of gloves for 198 gold pieces
 11848 | Snake:3  | Bought a +1 pair of boots of stealth for 198 gold pieces
 11867 | Snake:3  | Found Ykumemixt's Distillery.
 11869 | Snake:3  | Bought a scroll of enchant armour for 112 gold pieces
 11869 | Snake:3  | Bought a scroll of blinking for 112 gold pieces
 11875 | Snake:3  | Bought a potion of mutation for 136 gold pieces
 11875 | Snake:3  | Bought a potion of cancellation for 136 gold pieces
 12068 | Slime:1  | Entered Level 1 of the Pits of Slime
 12106 | Slime:1  | Gained mutation: You have hidden genetic defects. [a
                  | shining eye]
 12126 | Slime:2  | Noticed an acid blob
 12141 | Slime:2  | Killed an acid blob
 12166 | Slime:2  | Learned a level 5 spell: Fireball
 12229 | Slime:4  | Reached XP level 20. HP: 150/161 MP: 30/38
 12231 | Slime:5  | Entered Level 5 of the Pits of Slime
 12246 | Slime:4  | Gained mutation: Armour fits poorly on your strangely
                  | shaped body. [hidden defects]
 12280 | Slime:3  | Reached skill level 14 in Invocations
 12376 | Slime:5  | Learned a level 5 spell: Lee's Rapid Deconstruction
 12430 | Slime:5  | Found a viscous altar of Jiyva.
 12507 | Slime:5  | Gained mutation: You have terrible hidden genetic defects.
                  | [hidden defects]
 12507 | Slime:5  | Lost mutation: You have terrible hidden genetic defects.
                  | [hidden defects expressed]
 12521 | Slime:5  | Noticed the Royal Jelly
 12528 | Slime:5  | Killed the Royal Jelly
 12563 | Slime:5  | Gained mutation: You are dopey. (Int -2) [a shining eye]
 12597 | Slime:5  | Identified the ring of Keykuw {rPois Will+ Int+3}
 12617 | Slime:5  | Identified the +9 mace of Luxury {freeze, Str+2}
 12645 | Slime:5  | Identified the +7 falchion "Qoihoovu" {vorpal, Drain MP+9
                  | Str+4 Int+4}
 12650 | Slime:5  | Identified the ring "Zaaparin" {rN+ Dex+4}
 12682 | Slime:5  | Identified the +2 ring mail of the Game of Kings {Contam
                  | Will+ Int+5 Dex+4}
 12705 | Slime:5  | Got a slimy rune of Zot
 12706 | Slime:5  | Identified the ring "Gockop" {Ice rElec rN++ Str+3 Stlth-}
 12812 | Lair:5   | Lost mutation: You have hidden genetic defects. [potion of
                  | mutation]
 12812 | Lair:5   | Lost mutation: You are dopey. (Int -2) [potion of mutation]
 12812 | Lair:5   | Gained mutation: Your system is resistant to poisons.
                  | (rPois) [potion of mutation]
 12813 | Lair:5   | Lost mutation: Armour fits poorly on your strangely shaped
                  | body. [potion of mutation]
 12813 | Lair:5   | Lost mutation: Your system is resistant to poisons. (rPois)
                  | [potion of mutation]
 12813 | Lair:5   | Gained mutation: You occasionally lose the ability to drink
                  | potions when taking damage. [potion of mutation]
 12813 | Lair:5   | Gained mutation: You are partially covered in iridescent
                  | scales. (AC +2) [potion of mutation]
 12814 | Lair:5   | Lost mutation: You occasionally lose the ability to drink
                  | potions when taking damage. [potion of mutation]
 12814 | Lair:5   | Lost mutation: You are partially covered in iridescent
                  | scales. (AC +2) [potion of mutation]
 12814 | Lair:5   | Gained mutation: You are partially covered in iridescent
                  | scales. (AC +2) [potion of mutation]
 12814 | Lair:5   | Gained mutation: Your mind is acute. (Int +4, Str/Dex -1)
                  | [potion of mutation]
 12814 | Lair:5   | Gained mutation: Your spells are a little easier to cast,
                  | but a little less powerful. [potion of mutation]
 13186 | D:12     | Found Quekhlien's Magic Scroll Shop.
 13330 | D:13     | Lost mutation: You are partially covered in iridescent
                  | scales. (AC +2) [potion of mutation]
 13330 | D:13     | Lost mutation: Your spells are a little easier to cast, but
                  | a little less powerful. [potion of mutation]
 13330 | D:13     | Lost mutation: Your mind is acute. (Int +4, Str/Dex -1)
                  | [potion of mutation]
 13330 | D:13     | Gained mutation: You are vulnerable to cold. (rC-) [potion
                  | of mutation]
 13330 | D:13     | Gained mutation: You occasionally lose the ability to drink
                  | potions when taking damage. [potion of mutation]
 13330 | D:13     | Gained mutation: You are partially covered in iridescent
                  | scales. (AC +2) [potion of mutation]
 13756 | D:14     | Identified the +8 scimitar "Suothy" {distort, rC- rN++
                  | Int+5}
 13826 | D:15     | Entered Level 15 of the Dungeon
 13970 | Vaults:1 | Entered Level 1 of the Vaults
 14005 | Vaults:2 | Reached skill level 15 in Invocations
 14007 | Vaults:2 | Reached XP level 21. HP: 165/174 MP: 15/39
 14203 | Vaults:1 | Found a flickering gateway to a bazaar.
 14212 | Bazaar   | Entered a bazaar
 14226 | Bazaar   | Found Myinusu's Weapon Emporium.
 14241 | Bazaar   | Found Ucam's Antique Weapon Emporium.
 14241 | Bazaar   | Found Zeuvatamn's Assorted Antiques.
 14262 | Bazaar   | Found Cuzxotsu's Book Shoppe.
 14331 | Bazaar   | Bought 2 potions of haste for 440 gold pieces
 14331 | Bazaar   | Bought a potion of haste for 220 gold pieces
 14754 | Vaults:1 | Reached skill level 15 in Dodging
 14891 | Vaults:1 | You are sucked into a shaft and drop 1 floor!
 14918 | Vaults:2 | Identified the +4 ring mail "Icsuemn" {Int+6}
 15334 | Vaults:4 | Reached XP level 22. HP: 162/189 MP: 30/41
 15368 | Vaults:4 | Reached skill level 15 in Conjurations
 15683 | Vaults:3 | Identified the +7 spear of Fihod {chaos, rCorr}
 15914 | Vaults:3 | Noticed Frederick
 15924 | Vaults:3 | Killed Frederick
 16165 | Vaults:3 | Reached XP level 23. HP: 147/195 MP: 6/42
 16274 | Vaults:3 | Found Qotuodgh's General Store.
 16281 | Vaults:3 | Bought a scroll of teleportation for 57 gold pieces
 16658 | Vaults:4 | Found a large runed translucent door.
 16658 | Vaults:4 | Found a large runed translucent door.
 16658 | Vaults:4 | Noticed Lim Moa's ghost (adept DEVM)
 16714 | Vaults:5 | Entered Level 5 of the Vaults
 16715 | Vaults:5 | Noticed Margery
 17006 | D:15     | Noticed Josephine
 17011 | D:15     | Killed Josephine
 17120 | D:15     | Found a staircase to the Depths.
 17136 | D:15     | Reached skill level 16 in Invocations
 17153 | Depths:1 | Entered Level 1 of the Depths
 17456 | Depths:2 | You are sucked into a shaft and drop 2 floors!
 17456 | Depths:4 | Entered Level 4 of the Depths
 17537 | Depths:4 | Reached skill level 17 in Invocations
 17692 | Depths:3 | Reached XP level 24. HP: 195/203 MP: 39/42
 17717 | Depths:3 | Reached skill level 18 in Invocations
 17806 | Depths:4 | Identified the +3 ring mail "Ceeleqodop" {+Inv SInv}
 17814 | Depths:4 | Found a gateway to Hell.
 17816 | Depths:3 | Found a one-way gateway to a ziggurat.
 17938 | Depths:3 | Got the +6 eveningstar of Fragile Peace {vorpal, rElec rN+}
 18068 | Depths:4 | Learned a level 6 spell: Iron Shot
 18071 | Depths:4 | Found a gate to the Realm of Zot.
 18141 | Zot:1    | Entered Level 1 of the Realm of Zot
 18167 | Zot:1    | Reached skill level 15 in Fighting
 18182 | Zot:1    | Noticed a golden dragon
 18262 | Depths:4 | Paralysed by a floating eye for 4 turns
 18424 | Zot:1    | Killed a golden dragon
 18455 | Zot:1    | Noticed a golden dragon
 18467 | Zot:1    | Killed a golden dragon
 18472 | Zot:1    | Noticed a curse toe
 18488 | Zot:1    | Killed a curse toe
 18770 | Zot:3    | Reached XP level 25. HP: 211/224 MP: 36/42
 18878 | Zot:4    | Noticed a golden dragon
 18889 | Zot:4    | Killed a golden dragon
 18968 | Zot:5    | Entered Level 5 of the Realm of Zot
 19080 | Zot:5    | Noticed a dread lich
 19097 | Zot:5    | Killed a dread lich
 19101 | Zot:5    | Noticed an orb of fire
 19105 | Zot:5    | Gained mutation: Your body sometimes deteriorates upon
                  | taking damage. [an orb of fire]
 19119 | Zot:5    | Killed an orb of fire
 19218 | Zot:5    | Noticed a golden dragon
 19231 | Zot:5    | Killed a golden dragon
 19299 | Zot:5    | Noticed an orb of fire
 19313 | Zot:5    | Noticed an ancient lich
 19315 | Zot:5    | Gained mutation: You are frail. (-10% HP) [an orb of fire]
 19321 | Zot:5    | Killed an orb of fire
 19376 | Zot:5    | Killed an ancient lich
 19515 | Zot:5    | Noticed a dread lich
 19531 | Zot:5    | Killed a dread lich
 19564 | Zot:5    | Reached skill level 19 in Invocations
 19766 | Zot:5    | Noticed a dread lich
 19791 | Zot:5    | Killed a dread lich
 19820 | Zot:5    | Noticed a dread lich
 19828 | Zot:5    | Reached skill level 20 in Invocations
 19842 | Zot:5    | Killed a dread lich
 19881 | Zot:5    | Got the Orb of Zot
 19972 | Zot:1    | Reached XP level 26. HP: 215/215 MP: 33/42
 20006 | Zot:1    | Noticed a seraph
 20056 | Depths:3 | Found a one-way gate to the infinite horrors of the Abyss.
 20117 | Depths:2 | Reached skill level 21 in Invocations
 20457 | D:4      | Noticed Tisuned the pandemonium lord
 20568 | D:1      | gg
 20569 | D:$      | Escaped with the Orb!

Illustrated notes

###............######.......
#...................'.......
######........#######...##.......
....##........#######..###...#.##
....##................## #...#..#
....##.......########.# #...#...
.........###........#.# #...#...
....####.###.#.####.#.# #####..>
....# #.....#..@.#.#.# #... ....#
#.#####.#....#.# #... ##### #.#
#.##.###.# ####
########.#####........##
#.....#.....#2.######..#
#.....#.....#..######..#
#.....#.....#..........#
#.....#.....######...###
#.....#.....# ##..#


Turn 20568 on D:1: gg

Levels and vault maps discovered:
D:1:      zelgadis_glass_arrival_small, layout_basic,
          hellmonk_ecumenical_altar_leap_of_faith, hangedman_decor_riveting
D:2:      layout_basic, basic_altar, minmay_tall_x
D:3:      layout_basic, uniq_jessica
D:4:      layout_gridville, grunt_decor_fettered, nicolae_shop_dragon_depot,
          minivault_1, minmay_misc_feat_four_crosses, abandoned_shop
D:5:      layout_loops_corners, portal_sewer_entry_e
D:6:      layout_cave_pods
D:7:      layout_cave_pools, kennysheep_mini, minmay_temple_entry_mist
D:8:      layout_basic, uniq_joseph
D:9:      layout_roguey [special_room_orc], lemuel_doored_altar, enter_bailey_7
D:10:     layout_basic, gammafunk_temple_overflow_forgotten, erik_lair_dragon
D:11:     layout_cave_pods, zombieorc2_lemuel
D:12:     layout_roguey [special_room_orc], gauntlet_entry_generic,
          serial_shops, nicolae_shop_stone, grunt_ministairs_9
D:13:     layout_basic, david_vaults_3, serial_aquarium,
          aquarium_bridge_straight [aquarium_subvault_bridge,
          aquarium_subvault_wall, aquarium_subvault_bridge,
          aquarium_subvault_wall], aquarium_bridge_straight
          [aquarium_subvault_bridge, aquarium_subvault_window,
          aquarium_subvault_bridge, aquarium_subvault_balcony],
          aquarium_window_3, aquarium_window_fake, aquarium_window_fake,
          aquarium_window_1, aquarium_view_2g, aquarium_balcony_1b,
          aquarium_pool_corner
D:14:     layout_basic, bloody_makhleb, hangedman_decor_points,
          grunt_ministairs_5
D:15:     gammafunk_depths_entry_grave, layout_stronghold, uniq_josephine
Lair:1:   layout_cave_pods, nicolae_lair_liquid_snakes, grunt_megastairs_3,
          uniq_nergalle
Lair:2:   layout_loops_ring, minmay_snake_entry_six_corridors,
          hangedman_lair_generics_rect
Lair:3:   lemuel_ratsnest, layout_gridlike, elwin_shoals_entry_rocks,
          serial_bayou_shore_a
Lair:4:   layout_regular_city
Lair:5:   hangedman_lair_tendril_chambers, layout_regular_city, slime_entry_1
Shoals:1: layout_shoals
Shoals:2: layout_shoals
Shoals:3: layout_shoals, uniq_ilsuiw
Shoals:4: shoals_end_simple, layout_shoals, serial_shops, shop,
          nicolae_shoals_nautilus_by_nature, abandoned_shop
Snake:1:  layout_chambers, nicolae_shop_sticking_my_neck_out
Snake:2:  layout_onion_interference
Snake:3:  layout_grid_shapes, nicolae_snake_serpentine_bazaar, uniq_azrael
Snake:4:  johnstein_snake_rune_scales, layout_cave_town, serial_shops,
          nicolae_shop_advertising_works [nicolae_subvault_shop_adworks],
          nrook_guardian_serpent_ordinary, uniq_kirke
Slime:1:  layout_caves
Slime:2:  layout_caves, uniq_dissolution
Slime:3:  layout_caves
Slime:4:  layout_caves, cheibrodos_slime_lost_civilization_4
Slime:5
Orc:1:    layout_caves, gammafunk_ghost_necromancy, minmay_orc_temple_c,
          uniq_sonja, uniq_jorgrun, uniq_harold, uniq_snorg
Orc:2:    pf_orc_diabolical, layout_caves, hellmonk_bongcloud_opening,
          guppyfry_library_mini
Elf:1:    eino_elf_arrival_altar, layout_gridlike, hangedman_elf_disciples,
          nicolae_wooded_promenade, lemuel_flamethrower_1, uniq_aizul,
          uniq_asterion
Vaults:1: nicolae_vaults_network_periphery, vaults_room_corners,
          hangedman_vaults_unwind, v_misc_10, nicolae_vaults_network_star,
          v_pattern_2, grunt_vaults_diagonal, ontoclasm_vaults_gallery,
          ontoclasm_vaults_bender, vaults_dpeg_encased_lava, layout_vaults_ring,
          serial_shops, bzr_entry_islet
Vaults:2: st_smaller_cells, vaults_dpeg_ring, v_pattern_1,
          hangedman_vaults_nodes, v_rooms_5, grunt_vaults_bifocal,
          nicolae_vaults_network_quinsquares
          [nicolae_vaults_network_quincunx_subvault,
          nicolae_vaults_network_quincunx_subvault,
          nicolae_vaults_network_quincunx_subvault,
          nicolae_vaults_network_quincunx_subvault],
          ontoclasm_vaults_claustrophobia, v_misc_28, vaults_room_corners,
          nicolae_vaults_diagonal_hallway_7, minmay_crypt_entry_simple_plaza,
          nicolae_vaults_angled_halls, nicolae_vaults_bisected_inception,
          vaults_mumra_chevron, nicolae_vaults_rhombus_5,
          vaults_mumra_chevron_long, layout_vaults_maze, uniq_saint_roka
Vaults:3: v_misc_13, v_misc_12, nicolae_vaults_stairing_the_circle,
          vaults_room_stairs_pillars, v_misc_5, nicolae_vaults_angled_halls,
          nicolae_vaults_asterisk, hangedman_vaults_river_flow,
          vaults_mumra_minichess_inversion, nicolae_vaults_shelves_hall,
          v_misc_27, nicolae_vaults_big_angled_halls, layout_vaults_omnicross,
          serial_shops, nicolae_shop_crystal, uniq_frederick
Vaults:4: advil_vaults_ghost_guards, nicolae_vaults_asterisk, v_misc_4,
          vaults_room_grunt_arrival_ludios, nicolae_vaults_statue_guard,
          nicolae_vaults_little_squares_4, layout_vaults_omnigrid
Vaults:5: uniq_bai_suzhen, uniq_margery
Depths:1: layout_roguey, serial_shops, shop, hell_entry,
          hangedman_abyss_or_decor_jellyfish_corner, kennysheep_generic_room_8,
          nicolae_triple_integral, uniq_mara
Depths:2: grunt_crosshair, layout_cave_pools, grunt_hell_entry_dis_mu,
          nicolae_wu_jian_wuxing_cycle, rand_demon_pan_entry_5,
          minmay_misc_feat_room, infiniplex_staircase_pool_2
Depths:3: minmay_roctagon, layout_basic, enter_ziggurat_f,
          pf_vacation_house_of_asmodeus, minmay_room_of_horrors,
          hex_intersection, infiniplex_staircase_pillars_2
Depths:4: evilmike_zot_entry_argh, layout_cave_shapes, minmay_misc_feat_plants,
          hell_entry
Zot:1:    gammafunk_the_bubble [the_bubble_gammafunk_roulette],
          layout_onion_interference, grunt_megastairs_5
Zot:2:    minmay_elemental_castle, layout_twisted_circle, lemuel_elevator,
          uniq_tiamat
Zot:3:    layout_cathedral_of_symmetry, bh_zot_levy_curve, zot_minivault_5,
          uniq_parghit, uniq_grunn
Zot:4:    layout_twisted_circle, uniq_josephina
Zot:5:    layout_misc_corridors, st_stairs_8

Skill      XL: |  1  2  3  4  5  6  7  8  9 10 11 12 13 14 15 16 17 18 19 20 21 22 23 24 25 26 |
---------------+-------------------------------------------------------------------------------+-----
Spellcasting   | 3 5 6 7 8 10 11 13 14 | 14.0
Fighting       | 1 2 4 7 8 9 10 12 14 18 20 | 20.0
Fire Magic     | 4 5 6 7 9 10 11 13 17 20 | 20.0
Conjurations   | 2 3 4 6 7 9 11 14 19 20 | 20.0
Ice Magic      | 1 3 |  3.0
Dodging        | 3 4 7 9 10 11 13 15 17 | 17.0
Shields        | 1 4 |  4.0
Translocations | 1 4 |  4.0
Invocations    | 5 7 8 10 11 13 15 17 18 20 21 | 21.6
Evocations     | 2 5 6 |  6.0
Short Blades   | 2 8 |  8.0
Earth Magic    | 3 8 10 12 14 | 14.1
Necromancy     | 2 4 7 |  7.0
Transmutations | 3 10 | 10.0
Stealth        | |  1.4

Action                   |  1- 3 |  4- 6 |  7- 9 | 10-12 | 13-15 | 16-18 | 19-21 | 22-24 | 25-27 || total
-------------------------+-------+-------+-------+-------+-------+-------+-------+-------+-------++-------
Melee: Unarmed           |     1 |       |       |       |       |       |       |       |       ||     1
       Dagger            |     3 |    21 |    37 |    30 |       |       |       |       |       ||    91
       Pair of quick bla |       |       |       |    81 |   329 |   108 |   708 |   423 |   337 ||  1986
       Staff             |       |       |       |       |       |    46 |     2 |     2 |       ||    50
Throw: Dart              |       |       |       |     1 |       |       |       |     1 |       ||     2
       Throwing net      |       |       |       |       |       |       |     1 |       |       ||     1
 Cast: Foxfire           |    42 |    53 |    90 |    13 |       |       |       |       |       ||   198
       Scorch            |       |     2 |    27 |    38 |     4 |     1 |       |       |       ||    72
       Frozen Ramparts   |       |       |     9 |    13 |     1 |       |       |       |       ||    23
       Flame Wave        |       |       |    16 |    27 |     1 |       |       |       |       ||    44
       Apportation       |       |       |     2 |    37 |    61 |    33 |    10 |     9 |     4 ||   156
       Iskenderun's Myst |       |       |       |    18 |     5 |     4 |       |       |     2 ||    29
       Starburst         |       |       |       |     8 |   125 |   139 |    57 |    95 |     3 ||   427
       Ignition          |       |       |       |       |       |    40 |    59 |    53 |     9 ||   161
       Borgnjor's Vile C |       |       |       |       |       |     2 |    12 |    33 |    50 ||    97
       Statue Form       |       |       |       |       |       |       |     2 |     1 |       ||     3
       Lee's Rapid Decon |       |       |       |       |       |       |     7 |     2 |       ||     9
       Fireball          |       |       |       |       |       |       |     1 |       |     2 ||     3
       Iron Shot         |       |       |       |       |       |       |       |     2 |    16 ||    18
       Blink             |       |       |       |       |       |       |       |       |     1 ||     1
Invok: Line Pass         |       |       |     1 |       |     1 |       |     1 |       |     1 ||     4
       Grand Finale      |       |       |       |     1 |       |       |     3 |     2 |     1 ||     7
       Stomp             |       |       |       |       |       |       |     1 |     1 |       ||     2
 Abil: End Transformatio |       |       |       |       |       |       |     2 |     1 |       ||     3
Evoke: Wand              |       |       |       |     5 |       |     5 |     3 |     7 |    13 ||    33
       Phial of floods   |       |       |       |       |       |       |       |       |     1 ||     1
       Condenser vane    |       |       |       |       |       |       |       |       |     1 ||     1
  Use: Scroll            |       |     5 |     5 |     9 |     7 |     7 |    12 |     3 |     3 ||    51
       Potion            |       |       |       |     1 |       |     1 |    10 |     2 |     6 ||    20
 Stab: Paralysed         |       |       |     3 |    10 |    34 |    17 |    69 |    49 |    35 ||   217
       Distracted        |       |       |       |       |       |       |     2 |       |       ||     2
       Sleeping          |       |       |       |       |       |       |     2 |       |       ||     2
Armor: Robe              |     1 |     7 |    16 |    24 |       |       |       |       |       ||    48
       Leather armour    |       |       |       |    28 |    70 |    78 |   137 |   135 |    97 ||   545
       Skin              |       |       |       |       |       |       |    11 |       |       ||    11
Dodge: Dodged            |    10 |    22 |    50 |   129 |   157 |   185 |   265 |   223 |   140 ||  1181
Block: Buckler           |       |       |    18 |    26 |       |       |       |       |       ||    44

Table legend: (Time is in decaauts)
 A = Elapsed time spent in this place.
 B = Non-inter-level travel time spent in this place.
 C = Inter-level travel time spent in this place.
 D = Time resting spent in this place.
 E = Time spent auto-exploring this place.
 F = Levels seen in this place.
 G = Mean time per level.
                   A        B        C        D        E       F      G
               +--------+--------+--------+--------+--------+-----+--------+
         Total |  19209 |  17177 |   2032 |    151 |    130 |  54 |  355.7 |
       Dungeon |   6891 |   5876 |   1015 |      0 |      0 |  15 |  459.4 |
          Lair |   2328 |   1833 |    495 |      0 |      0 |   5 |  465.6 |
        Shoals |   1188 |   1174 |     14 |      0 |      0 |   4 |  297.0 |
     Snake Pit |   1793 |   1696 |     97 |      3 |      0 |   4 |  448.2 |
    Slime Pits |    645 |    645 |      0 |      0 |      0 |   5 |  129.0 |
  Orcish Mines |    535 |    528 |      7 |      0 |      0 |   2 |  267.5 |
   Elven Halls |     37 |     37 |      0 |      0 |      0 |   1 |   37.0 |
        Vaults |   2486 |   2339 |    147 |      0 |      0 |   5 |  497.2 |
        Depths |   1235 |   1169 |     66 |     56 |      0 |   4 |  308.8 |
           Zot |   1365 |   1176 |    189 |      0 |      0 |   5 |  273.0 |
        Bazaar |    163 |    163 |      0 |      0 |      0 |   1 |  163.0 |
         Sewer |     69 |     69 |      0 |      0 |      0 |   1 |   69.0 |
        Bailey |    129 |    129 |      0 |      0 |      0 |   1 |  129.0 |
      Gauntlet |    339 |    339 |      0 |     92 |    130 |   1 |  339.0 |
               +--------+--------+--------+--------+--------+-----+--------+

Top non-repeatable levels by time:
 Snake:4: 893 daAuts
Vaults:3: 799 daAuts
    D:10: 756 daAuts
Vaults:1: 685 daAuts
     D:4: 661 daAuts
   Zot:5: 652 daAuts
  Lair:5: 633 daAuts
Vaults:4: 606 daAuts
     D:5: 580 daAuts
     D:6: 560 daAuts
     D:9: 526 daAuts
Depths:4: 482 daAuts
    D:11: 479 daAuts
     D:8: 477 daAuts
  Lair:2: 469 daAuts
